 Dungeon Crawl Stone Soup version 0.31-a0-231-g51bb95cda3 (webtiles) character file.

Game seed: 13708380841003675322

130 qw the Shooter (level 5, -2/30 HPs)
             Began as a Gargoyle Hexslinger on July 6, 2023.
             Slain by Pargi (3 damage)
             ... on level 3 of the Dungeon.
             The game lasted 00:00:53 (1820 turns).

qw the Shooter (Gargoyle Hexslinger)                Turns: 1820, Time: 00:00:54

Health: -2/30      AC: 10    Str: 11    XL:     5   Next: 13%
Magic:  6/6        EV: 10    Int: 14    God:
Gold:   143        SH:  0    Dex: 14    Spells: 5/6 levels left

rFire   . . .        Y - +1 sling
rCold   . . .        (no shield)
rNeg    + . .        e - +0 ring mail
rPois   inf          (no helmet)
rElec   +            (no cloak)
rCorr   .            d - +0 pair of gloves
SInv    .            (no boots)
Will    .....        f - amulet of the acrobat
Stlth   +            (no ring)
HPRegen 0.25/turn    (no ring)
MPRegen 0.10/turn

%: acrobat
@: about to teleport
A: sickness immunity, AC +4, negative energy resistance 1, electricity
resistance, torment resistance 1, petrification resistance
a: no special abilities


You were on level 3 of the Dungeon.
You visited 1 branch of the dungeon, and saw 3 of its levels.

You collected 143 gold pieces.


Innate Abilities, Weirdness & Mutations

You are immune to sickness and miasma.
Your stone body is resilient. (AC +4)
You are immune to poison.
You resist negative energy. (rN+)
You are resistant to electric shocks. (rElec)
You are resistant to unholy torment.
You are immune to petrification.


   Skills:
 - Level 2.2 Fighting
 + Level 4.6 Ranged Weapons
 - Level 1.0 Armour
 - Level 1.5 Dodging
 - Level 1.0 Spellcasting
 - Level 2.6 Hexes


You had 5 spell levels left.
You knew the following spells:

 Your Spells              Type           Power      Damage    Failure   Level
a - Slow                  Hex            32%        N/A       21%         1

Your spell library contained the following spells:

 Spells                   Type           Power      Damage    Failure   Level
 Inner Flame              Hex/Fire       4%         N/A       71%         3
 Portal Projectile        Hex/Tloc       8%         N/A       71%         3
 Cause Fear               Hex            4%         N/A       90%         4

Inventory:

Hand Weapons
 Y - a +1 sling (weapon)
Armour
 d - a +0 pair of gloves (worn)
 e - a +0 ring mail (worn)
 i - a +0 cloak
 l - a +0 robe of fire resistance
Jewellery
 b - a ring of fire
 f - an amulet of the acrobat (around neck)
Scrolls
 a - 2 scrolls of teleportation
 c - a scroll of identify
 k - a scroll of silence {unknown}
Potions
 g - 2 potions of curing
 h - 2 potions of lignification {unknown}
 j - a potion of degeneration {unknown}

Dungeon Overview and Level Annotations

Branches:
Dungeon (3/15)

Altars:
Cheibriados

Annotations:
D:3 Pargi


Message History

Pargi closely misses you. Pargi barely misses you.
Pargi claws you but does no damage. x2
You shoot a sling bullet. The sling bullet hits Pargi.
Pargi is severely wounded.
Pargi bites you! Pargi barely misses you. x2
You shoot a sling bullet. The sling bullet hits Pargi.
Pargi is severely wounded.
Pargi bites you but does no damage. Pargi claws you. x2
You shoot a sling bullet. The sling bullet barely misses Pargi.
The sling bullet barely misses the adder.
Pargi barely misses you. Pargi claws you. Pargi claws you but does no damage.
Pargi bites you but does no damage. Pargi misses you.
Pargi claws you but does no damage.
You shoot a sling bullet. The sling bullet hits Pargi.
Pargi is severely wounded.
Pargi bites you but does no damage. Pargi claws you but does no damage.
Pargi barely misses you.
You shoot a sling bullet. The sling bullet closely misses Pargi.
The sling bullet hits the adder but does no damage.
Pargi misses you. Pargi claws you but does no damage. x2
You shoot a sling bullet. The sling bullet hits Pargi.
Pargi is severely wounded.
Pargi barely misses you. Pargi claws you but does no damage. Pargi claws you.
You shoot a sling bullet. The sling bullet barely misses Pargi.
The sling bullet closely misses the adder.
Pargi bites you. Pargi claws you. Pargi misses you.
Pargi completely misses you. Pargi claws you but does no damage.
Pargi closely misses you.
1818 ||| READING 3 scrolls of teleportation.
As you read the scroll of teleportation, it crumbles to dust.
You feel strangely unstable. Pargi barely misses you.
Pargi claws you but does no damage. Pargi closely misses you.
You shoot a sling bullet. The sling bullet barely misses Pargi.
The sling bullet closely misses the adder.
Pargi bites you but does no damage. Pargi claws you but does no damage.
Pargi barely misses you.
You shoot a sling bullet. The sling bullet closely misses Pargi.
The sling bullet misses the adder.
Pargi bites you! Pargi claws you but does no damage. Pargi claws you.
You die...

.####.#######.......###
.##.#.# ##.####.#
.#.#..# #.# #.#
#.###.## #.# #.# .##
##.#######.# #.## ##
##........# #..# #
########## ##.#
#..######.# #.ST@#.#.#
#..#!#...#.# ...#...#.#
........../#
#############


You could see Pargi and an adder.

Vanquished Creatures
  Jessica (D:3)
  A mummy (D:3)
  A gnoll (D:1)
  2 adders (D:2)
  A worm (D:3)
  4 dart slugs
  9 ball pythons
  3 bats
  4 endoplasms
  5 giant cockroaches
  2 goblins
  A hobgoblin (D:1)
  4 jackals (D:3)
  6 kobolds
  A quokka (D:2)
  3 frilled lizards
  5 rats
53 creatures vanquished.

Notes
Turn   | Place    | Note
-------+----------+-------------------------------------------
     0 | D:1      | qw the Gargoyle Hexslinger began the quest for the Orb.
     0 | D:1      | Reached XP level 1. HP: 12/12 MP: 2/2
     0 | D:1      | 0 ||| qw: Version: 0.3-a-46-gb1f654a
     0 | D:1      | 0 ||| qw: Game counter: 1836
     0 | D:1      | 0 ||| qw: Melee chars always use a shield: true
     0 | D:1      | 0 ||| qw: God list: Okawaru
     0 | D:1      | 0 ||| qw: Allow faded altars: false
     0 | D:1      | 0 ||| qw: Do Orc after clearing Dungeon:15 true
     0 | D:1      | 0 ||| qw: Do second Lair branch before Depths: true
     0 | D:1      | 0 ||| qw: Lair rune preference: random
     0 | D:1      | 0 ||| qw: Goals: Normal
     0 | D:1      | 0 ||| PLANNING D:1-11
     6 | D:1      | Noticed a merfolk zombie
     7 | D:1      | Noticed a demonspawn zombie
    12 | D:1      | Noticed a minotaur zombie
   132 | D:1      | Reached XP level 2. HP: 16/16 MP: 3/3
   242 | D:1      | Reached skill level 3 in Ranged Weapons
   291 | D:1      | Found a faded altar of an unknown god.
   371 | D:1      | Reached XP level 3. HP: 12/21 MP: 4/4
   541 | D:1      | 541 ||| UPGRADING to +0 pair of gloves.
   546 | D:1      | 546 ||| READING scroll labelled JYK QOMNOUNGAJ.
   547 | D:1      | 547 ||| READING scroll labelled AHUMIDGH DEASH.
   548 | D:1      | 548 ||| READING scroll labelled CITOJO CEOHI.
   549 | D:1      | 549 ||| READING scroll labelled TOG BEAFENIPU.
   550 | D:1      | 550 ||| READING scroll labelled FOMICROSHRE.
   553 | D:1      | 553 ||| DRINKING 2 glowing silvery potions.
   554 | D:1      | 554 ||| DROPPING scroll of poison.
   718 | D:2      | Reached XP level 4. HP: 26/26 MP: 5/5
   877 | D:2      | 877 ||| FLEEEEING.
  1441 | D:2      | 1441 ||| UPGRADING to +0 ring mail.
  1451 | D:2      | 1451 ||| DROPPING +0 robe.
  1452 | D:2      | 1452 ||| UPGRADING to amulet of the acrobat.
  1457 | D:2      | 1457 ||| READING scroll labelled KIEMIDORIO.
  1612 | D:3      | Reached skill level 1 in Armour
  1624 | D:3      | Reached skill level 4 in Ranged Weapons
  1624 | D:3      | Found a snail-covered altar of Cheibriados.
  1698 | D:3      | Noticed Jessica
  1704 | D:3      | Killed Jessica
  1705 | D:3      | Reached XP level 5. HP: 30/30 MP: 6/6
  1805 | D:3      | Noticed Pargi
  1817 | D:3      | HP: 7/30 [Pargi (1)]
  1818 | D:3      | 1818 ||| READING 3 scrolls of teleportation.
  1820 | D:3      | HP: 1/30 [Pargi (7)]
  1820 | D:3      | Slain by Pargi

Levels and vault maps discovered:
D:1:      shiori_arrival_whats_in_store_for_you, layout_rooms,
          shapermc_ecumenical_altar_pompeii, hangedman_decor_points
D:2:      layout_basic
D:3:      layout_loops_ring, slow_altar_1, serial_undead, serial_undead_c,
          serial_undead_d, serial_undead_a, serial_undead_e, serial_undead_b,
          serial_undead_e, serial_undead_a, minmay_misc_feat_rugged,
          uniq_jessica, uniq_pargi

Skill      XL: |  1  2  3  4 |
---------------+-------------+-----
Ranged Weapons | 3 4 |  4.6
Fighting       | 2 |  2.2
Armour         | 1 |  1.0
Dodging        | |  1.5
Spellcasting   | |  1.0
Hexes          | |  2.6

Action                     |  1- 3 |  4- 6 || total
---------------------------+-------+-------++-------
   Fire: Sling             |   105 |   106 ||   211
    Use: Scroll            |     5 |     2 ||     7
         Potion            |     1 |       ||     1
 Armour: Robe              |    12 |     1 ||    13
         Ring mail         |       |    39 ||    39
  Dodge: Dodged            |    17 |    53 ||    70

Table legend:
 A = Non-vault XP
 B = Vault XP
 C = Vault XP percentage of total XP
 D = Non-vault monster count
 E = Vault monster count
 F = Vault count percentage of total count
                 A         B        C        D         E       F
            +---------+---------+-------+---------+---------+-------
      Total |     131 |      55 |  29.6 |      51 |       2 |   3.8
            +---------+---------+-------+---------+---------+-------
        D:1 |      46 |       0 |   0.0 |      19 |       0 |   0.0
        D:2 |      56 |       0 |   0.0 |      17 |       0 |   0.0
        D:3 |      29 |      55 |  65.5 |      15 |       2 |  11.8
            +---------+---------+-------+---------+---------+-------
